[Event "1st Chessable Sunway Formentera 2022"]
[Site "Formentera Punta Prima"]
[Date "2022.05.05"]
[Round "7.5"]
[White "Park, Evan"]
[Black "Narciso Dublan, Marc"]
[Result "0-1"]
[ECO "C18"]
[WhiteElo "2431"]
[BlackElo "2464"]
[Annotator "TA"]
[PlyCount "64"]
[EventDate "2022.05.05"]
[EventType "swiss"]
[EventCountry "ESP"]
[SourceTitle "playchess.com"]
[Source "ChessBase"]
[SourceQuality "1"]
[TimeControl "40/5400+30:1800+30"]

1. e4 e6 2. d4 d5 3. Nc3 Bb4 4. e5 c5 5. a3 Bxc3+ 6. bxc3 Nc6 7. Qg4 g6 8. Nf3 Qa5 9. Bd2 c4 {[%emt 0:00:23] C18: French: 3 Nc3 Bb4: Main line: 7 h4 and 7 Qg4.} 10. h4 h6 11. Be2 Bd7 {[%emt 0:01:12] White has an edge.} 12. Qf4 Rh7 13. a4 O-O-O 14. O-O Rf8 15. Rfb1 {[%emt 0:03:51] [#]} Qd8 $146 (15... f5 $11) ({Predecessor:} 15... Qc7 16. Bc1 f6 17. Ba3 Rff7 18. Bd6 fxe5 19. Qxf7 Rxf7 20. Bxc7 Kxc7 21. dxe5 Nge7 {1-0 (34) Pichot,A (2625)-Kanakaris,G (2382) Chess.com INT 2022}) 16. Bc1 f5 17. a5 Nge7 18. Ba3 {[%emt 0:02:37] Black must now prevent Qc1.} Kb8 19. Bd6+ Ka8 20. Qc1 Rg8 21. Qb2 Bc8 22. Nd2 {[%emt 0:02:39] [#]} (22. Qb6 $11 {keeps the balance.}) 22... g5 $1 $17 23. h5 g4 {[%emt 0:11:03] Hoping for ...f4.} 24. Qb5 (24. f4 $15) 24... Qe8 ({Black should play} 24... a6 25. Qb6 Qxb6 26. axb6 (26. Rxb6 f4 $17) 26... f4) 25. Bxc4 {[%emt 0:03:41][%mdl 8192] Loses the game.} a6 $19 (25... dxc4 $2 26. Nxc4 a6 27. Nb6+ Ka7 28. Qc5 $18) 26. Qc5 {[%emt 0:00:43] aiming for Be2.} dxc4 27. Nxc4 {[%emt 0:00:14] White threatens Nb6+ and mate.} Nd5 {[%emt 0:00:15] Threatens to win with ...g3.} 28. Rb6 (28. g3 $142 f4 29. Nb6+ Nxb6 30. Rxb6) 28... g3 29. Rab1 (29. Rxc6 $142 Qxc6 30. Qxc6 gxf2+ 31. Kxf2 bxc6 32. Nb6+ Nxb6 33. axb6) 29... gxf2+ 30. Kf1 Rhg7 (30... Qxh5 $142 31. Qxc6 Qh1+ 32. Ke2 f1=B+ 33. Rxf1 Qxg2+ 34. Rf2 Qg4+ 35. Kd2 Qg5+ 36. Ke2 bxc6 37. Rb8+ Ka7) 31. Rxa6+ {[%emt 0:00:33] [#]} (31. Qxc6 $19 Qxc6 32. Rxc6 bxc6 33. Rb8+ Ka7 34. Nb6) 31... bxa6 32. Nb6+ Nxb6 {[%emt 0:00:16] Weighted Error Value: White=1.03/Black=0.31} 0-1

[Event "1st Chessable Sunway Formentera 2022"]
[Site "Formentera Punta Prima"]
[Date "2022.05.05"]
[Round "7.6"]
[White "Batsiashvili, Nino"]
[Black "Eugene, Floryan"]
[Result "1/2-1/2"]
[ECO "D31"]
[WhiteElo "2463"]
[BlackElo "2370"]
[Annotator "TA"]
[PlyCount "139"]
[EventDate "2022.05.05"]
[EventType "swiss"]
[EventCountry "ESP"]
[SourceTitle "playchess.com"]
[Source "ChessBase"]
[SourceQuality "1"]
[TimeControl "40/5400+30:1800+30"]

1. d4 d5 2. c4 e6 3. Nf3 a6 4. cxd5 exd5 5. Nc3 c6 6. Qc2 {[%emt 0:04:51] D31: Queen's Gambit Declined: Semi-Slav without ...Nf6 (+ Marshall Gambit and Noteboom) and Exchange Variation lines without ...Nf6.} Nf6 7. Bg5 Be6 8. e3 {[%emt 0:02:19] White has an edge.} h6 9. Bf4 c5 10. Be2 Nc6 {[%emt 0:02:28] [#]} 11. O-O $146 ({Predecessor:} 11. Rd1 Bd6 12. Bxd6 Qxd6 13. dxc5 Qxc5 14. O-O Ne4 15. Rc1 Nxc3 16. Qxc3 Qxc3 17. Rxc3 Ke7 18. Rfc1 Rhc8 19. Kf1 Kd6 {½-½ (19) Fernandez Medina,E (2282)-Au Cardero,R (2286) ICCF email 2017}) 11... cxd4 12. Nxd4 Nxd4 13. exd4 Bd6 14. Be5 Rc8 (14... O-O $11) 15. Qa4+ (15. f4 $5 Bxe5 16. dxe5 $14 (16. fxe5 Ne4 $14)) 15... Bd7 16. Qb3 Bc6 17. Rad1 O-O 18. Bf3 Bb8 19. Bxf6 {[%emt 0:12:14] 0x0.0013f32e61b5dp-1022s more active pieces.} Qxf6 20. Bxd5 Rfd8 {[%emt 0:06:41] [#] Hoping for ...Bxd5.} 21. Bxc6 Rxc6 22. g3 ({Resist} 22. Qxb7 Rb6 23. Qe4 Rxb2 $14) 22... Qf3 23. d5 Rg6 24. Na4 ({Reject} 24. Qxb7 $6 Bxg3 25. hxg3 (25. fxg3 Rxg3+ 26. hxg3 Qxg3+ 27. Kh1 Qh3+ 28. Kg1 Qg3+ 29. Kh1 Qh3+ 30. Kg1 Qg3+ $11) 25... Rxg3+ 26. fxg3 Qxg3+ 27. Kh1 Qh3+ 28. Kg1 Qg3+ 29. Kh1 Qh3+ 30. Kg1 Qg3+ $11) (24. Rd2 $16) 24... Qxb3 $11 25. axb3 Rgd6 26. Rfe1 Kf8 {[%emt 0:00:49] Against Re7} (26... Rxd5 $2 27. Rxd5 Rxd5 28. Re8+ Kh7 29. Nc3 $18) 27. Re5 g6 28. Nc5 {[%emt 0:03:34] Inhibits R6d7.} Rb6 $1 29. Re4 Bd6 30. b4 Rb5 31. Rc4 a5 32. Rd2 Be7 33. Rcd4 Bxc5 34. bxc5 Rxc5 {[%emt 0:00:04][%mdl 4096] Endgame KRR-KRR} 35. d6 Rc6 36. Kg2 Kg7 37. g4 Kf6 38. h4 Rd7 39. Kf3 Rb6 40. Rf4+ Kg7 41. Rfd4 Kf6 42. Kg3 Rb5 43. f4 Kg7 44. Kf3 f5 45. g5 hxg5 46. fxg5 Kf7 (46... Rb3+ $11 47. Kf4 Rh3) 47. Kf4 $14 b6 $2 ({Black should try} 47... Rc5 $1 $14) 48. Re2 $18 Rc5 {[%emt 0:01:00] [#]} 49. Re5 ({White must play} 49. h5 $1 $18 ) 49... Rc1 50. Rb5 ({White should play} 50. Re3 $1 $14) 50... Ke6 $1 $11 {[%emt 0:00:39] The position is equal.} 51. Rxb6 Rh1 52. Kg3 Rg1+ 53. Kf2 Rh1 54. Kg2 Re1 55. Rd3 Re4 56. Kh3 Re1 57. Rb8 {[%emt 0:03:00] Re8+ would kill now.} Rxd6 58. Rxd6+ Kxd6 {[%emt 0:00:03] KR-KR} 59. Rb6+ Ke5 60. Rxg6 Kf4 61. Rf6 Rh1+ 62. Kg2 Rxh4 63. g6 Ke5 64. Rb6 Rg4+ 65. Kf2 a4 66. Kf3 Rf4+ 67. Ke3 {[%emt 0:00:58] Threatening mate with Rb5+.} Rg4 68. Ra6 Rg3+ 69. Kf2 Rg4 70. Kf3 {[%emt 0:17:02] Weighted Error Value: White=0.10 (very precise) /Black=0.14 (very precise)} 1/2-1/2

[Event "1st Chessable Sunway Formentera 2022"]
[Site "Formentera Punta Prima"]
[Date "2022.05.05"]
[Round "7.7"]
[White "Song, Julien"]
[Black "Jarmula, Lukasz"]
[Result "1-0"]
[ECO "D20"]
[WhiteElo "2388"]
[BlackElo "2459"]
[Annotator "TA"]
[PlyCount "89"]
[EventDate "2022.05.05"]
[EventType "swiss"]
[EventCountry "ESP"]
[SourceTitle "playchess.com"]
[Source "ChessBase"]
[SourceQuality "1"]
[TimeControl "40/5400+30:1800+30"]

1. d4 d5 2. c4 dxc4 3. e4 e5 4. Nf3 exd4 5. Bxc4 Nc6 6. O-O {[%emt 0:00:30][%mdl 1024] White has compensation.} Be6 {[%emt 0:00:06] D20: Queen's Gambit Accepted: 3 e3 and 3 e4.} 7. Nbd2 {[%emt 0:00:42] 7.Bxe6 is a critical line.} Qf6 8. Qa4 {[%emt 0:02:18] [#]} Bd7 $146 {[%emt 0:06:40] The position is equal.} ({Predecessor:} 8... O-O-O 9. Bb5 Nge7 10. Nb3 Bg4 11. Bg5 Qg6 12. Nbd2 f6 13. Bf4 Bxf3 14. Nxf3 Qxe4 {½-½ (22) Cermak,J (2223)-Preussner,M (2111) ICCF email 2021}) 9. Bb5 Bc5 (9... a6 $11) 10. Nb3 $1 $16 Bb6 11. Bg5 Qg6 12. Nbxd4 {[%emt 0:15:14] 0x0.002472422f15dp-1022s more active pieces.} (12. Rac1 {looks sharper.} f6 13. Bxc6 bxc6 14. Bf4) 12... Bxd4 13. Bxc6 Bxf2+ 14. Rxf2 Bxc6 {[%emt 0:00:09] Black cannot hold the game after this.} (14... Qxc6 $16 15. Qa3 Qa4) 15. Qc4 Qe6 {[%emt 0:09:17] [#] Prevents Ne5.} (15... f6 $16 {might work better.}) 16. Qc3 $1 $18 f6 $2 {[%emt 0:13:30] [#]} (16... Nf6 17. Nd4 Qd7) 17. Nd4 $1 Qd7 {[%emt 0:00:24] [#]} 18. Rd2 $1 Bxe4 (18... h5 19. e5) 19. Re1 Qd5 (19... Ne7 $142 20. Rxe4 O-O-O) 20. Rxe4+ Qxe4 {[%emt 0:00:59][%cal Re4e1] [#]} 21. Re2 {[%emt 0:00:15] Inhibits Qe1+.} Qxe2 22. Nxe2 Ne7 23. Bf4 Nd5 24. Qh3 Nxf4 25. Qe3+ ({Not} 25. Nxf4 O-O 26. Qb3+ Kh8 27. Qxb7 Rab8 28. Qxc7 Rfc8 29. Qxa7 Rc1+ 30. Kf2 Rc2+ 31. Kg3 Rcxb2 $18) 25... Kd7 26. Nxf4 {[%emt 0:00:41] aiming for Qe6+.} Rae8 {[%emt 0:00:08] Prevents Qe6+.} 27. Qxa7 Re4 28. g3 Kc6 29. Qa3 {[%emt 0:02:07] Strongly threatening Qc3+.} Rhe8 30. Qc3+ Kd7 31. Nd5 c6 32. Nb6+ Kc7 33. Nc4 {[%emt 0:00:39] Qa5+ is the strong threat.} Kb8 34. Qd3 R4e6 35. a4 Kc7 (35... g5 {was called for.} 36. g4 Re2) 36. Kf2 f5 37. a5 {[%emt 0:00:33] White is clearly winning.} g6 38. Qd4 R8e7 39. Qf4+ Kd7 40. Qb8 Re2+ 41. Kf3 R7e4 42. Qxb7+ Ke6 43. Qxc6+ Ke7 44. Qd6+ Kf7 45. Qd3 {[%emt 0:00:34] Weighted Error Value: White=0.19 (very precise) /Black=0.44} 1-0

[Event "1st Chessable Sunway Formentera 2022"]
[Site "Formentera Punta Prima"]
[Date "2022.05.05"]
[Round "7.8"]
[White "Tsatsalashvili, Keti"]
[Black "Yankelevich, Lev"]
[Result "0-1"]
[ECO "A50"]
[WhiteElo "2331"]
[BlackElo "2473"]
[Annotator "TA"]
[PlyCount "114"]
[EventDate "2022.05.05"]
[EventType "swiss"]
[EventCountry "ESP"]
[SourceTitle "playchess.com"]
[Source "ChessBase"]
[SourceQuality "1"]
[TimeControl "40/5400+30:1800+30"]

1. d4 Nf6 2. c4 b6 3. Nc3 Bb7 4. Bg5 e6 5. e3 h6 6. Bh4 {[%emt 0:02:12] A50: Queen's Fianchetto Defence (1 d4 Nf6 2 c4 b6).} Bb4 7. Nge2 O-O 8. a3 {[%emt 0:00:15] The position is equal.} Be7 9. Bg3 {[%emt 0:04:47] [#]} Nh5 $146 ({Predecessor:} 9... d5 10. cxd5 exd5 11. Nf4 Nbd7 12. Bd3 Re8 13. O-O a5 14. Rc1 Nf8 15. Qc2 c6 {0-1 (42) Yermolinsky,A (2597)-Kasimdzhanov,R (2595) Wijk aan Zee 1999}) 10. Nf4 Nxf4 11. Bxf4 Bg5 12. Bg3 d6 13. d5 e5 14. h4 Be7 15. f3 Nd7 16. Bd3 Nc5 17. Bc2 f5 18. Bf2 a5 19. b4 (19. e4 $5 ) 19... Nd7 20. e4 $1 axb4 (20... f4 {keeps more tension.} 21. Ba4 Nf6 22. h5 Kh8) 21. axb4 Rxa1 22. Qxa1 fxe4 23. Nxe4 (23. Bxe4 $14 Nf6 24. Bg6) 23... b5 $11 24. cxb5 (24. Qa7 Qa8 25. Qxa8 Rxa8 26. cxb5 Ra1+ 27. Bd1 Rb1 $17) 24... Bxd5 25. Qd1 Bc4 26. Bb3 $1 Bxb3 (26... d5 27. Bxc4 dxc4 28. Qc2 $14 (28. Qd5+ Kh8 $14)) 27. Qxb3+ Kh8 28. Qe6 Nf6 29. Ng5 Qe8 $36 {[%emt 0:03:46][%mdl 2048] Black is really pushing.} (29... hxg5 30. hxg5+ Nh7 31. Qg6 Kg8 32. Rxh7 Bf6 33. Qh5 g6 34. Qxg6+) 30. Be3 (30. g3 $17) 30... Nh5 ({Better is} 30... Nh7 $19 31. g3 (31. Nxh7 $2 Bxh4+ 32. Rxh4 Qxe6 $19) 31... hxg5 32. hxg5 g6) 31. Qd5 Qg6 ({Not} 31... hxg5 32. hxg5 Qg6 33. Qe4 Qxe4 34. fxe4 $15) (31... Qa8 $17 32. Qxa8 (32. Nf7+ $2 Kh7 $19) 32... Rxa8) 32. Qe4 $11 Qxe4 33. Nxe4 Rb8 34. Nc3 Ng3 35. Rg1 Nf5 36. Ke2 Bxh4 37. Ra1 Nd4+ {[%emt 0:00:56] Black converts the advantage convincingly.} ({Much worse is} 37... Nxe3 $6 38. Kxe3 e4 39. Kxe4 $11) 38. Kd3 (38. Bxd4 $15 exd4 39. Nd5 Rxb5 40. Ra5) 38... Nxb5 $17 39. Nxb5 Rxb5 {[%emt 0:00:04][%mdl 4096] Endgame KRB-KRB} 40. Ra8+ Kh7 41. Kc4 (41. Bd2 {was necessary.}) 41... c6 $19 42. Ra6 $2 {[%emt 0:03:07] [#]} (42. Bd2) 42... d5+ 43. Kb3 Be1 44. Rxc6 $2 (44. Kc2) 44... Rxb4+ 45. Ka3 Rc4 ({And not} 45... d4 46. Rc1 dxe3 47. Rxe1 $19) 46. Rxc4 dxc4 {[%emt 0:00:03] KB-KB} 47. Bc5 Kg6 48. Kb2 h5 {[%emt 0:00:14] [#] Threatens to win with ...Kf5.} 49. Kc2 Kf5 {[%emt 0:00:06] Hoping for ...Kf4.} 50. Bf8 g6 51. Kd1 Ba5 {[%emt 0:00:26] White must now prevent ...Kf4.} 52. Ke2 e4 {[%emt 0:01:09] Black mates.} 53. Bh6 Bc7 54. Bc1 exf3+ 55. Kxf3 c3 56. g3 c2 57. Ba3 Bd8 {[%emt 0:00:05] Weighted Error Value: White=0.70/Black=0.19 (very precise)} 0-1

[Event "1st Chessable Sunway Formentera 2022"]
[Site "Formentera Punta Prima"]
[Date "2022.05.05"]
[Round "7.9"]
[White "Papadiamandis, Elliot"]
[Black "Soham Das"]
[Result "0-1"]
[ECO "B15"]
[WhiteElo "2373"]
[BlackElo "2266"]
[Annotator "TA"]
[PlyCount "104"]
[EventDate "2022.05.05"]
[EventType "swiss"]
[EventCountry "ESP"]
[SourceTitle "playchess.com"]
[Source "ChessBase"]
[SourceQuality "1"]
[TimeControl "40/5400+30:1800+30"]

1. e4 c6 2. d4 d5 3. Nd2 dxe4 4. Nxe4 Nf6 5. Nxf6+ exf6 6. c3 Bd6 7. Bd3 O-O 8. Ne2 Re8 9. Qc2 {[%emt 0:00:30] B15: Caro-Kann: 3 Nc3: 3...g6 and 3...dxe4 4 Nxe4 Nf6 5 Nxf6+ exf6.} h5 10. Be3 Nd7 11. O-O-O {[%emt 0:00:30] White has an edge.} Nf8 12. Kb1 Be6 13. c4 Rc8 14. a3 {[%emt 0:00:30] [#]} a5 $146 ({Predecessor:} 14... Ng6 15. h3 h4 16. f4 f5 17. Bc1 b5 18. c5 Bc7 19. Nc3 Ne7 20. Rhe1 Qd7 {0-1 (39) Mammadzada,G (2470)-Krysa,L (2531) Gibraltar 2022}) 15. Nc3 {[%emt 0:00:30] Against b5} b5 16. c5 {[%emt 0:00:30] [#]} (16. cxb5 $11 cxb5 17. Bxb5) 16... b4 $1 $15 17. cxd6 {[%emt 0:00:30] Threatens to win with axb4.} bxc3 18. Qxc3 Qxd6 19. Qxa5 Bd5 20. Qc5 Qc7 ({Of course not} 20... Qxc5 21. dxc5 Bxg2 22. Rhg1 $11) 21. Qc3 (21. Rc1 $15) 21... Bxg2 $17 22. Rhg1 Qxh2 23. Bf4 Qxf4 24. Rxg2 Ne6 25. Bc2 Ng5 (25... g6 $19 {has better winning chances. ...Rcd8 is the strong threat.} 26. Qe3 Rcd8) 26. Qg3 Qxg3 27. fxg3 Kf8 28. d5 cxd5 29. Rxd5 Re3 30. Ka2 ({White should try} 30. Rd3 $15 Rxd3 31. Bxd3) 30... g6 31. b4 (31. Rb5 $142) 31... Rcc3 (31... Nf3 $142 $1 {[%cal Rf3e1] Hoping for ...Ne1.} 32. Bd1 Ne1) 32. a4 Nf3 ({Don't play} 32... Rxg3 33. Rxg3 Rxg3 34. a5 $14) 33. Bd1 Ne5 {[%emt 0:00:30] White must now prevent ...Ra3+. Black is more active.} 34. Rc2 $2 {[%emt 0:00:30][%mdl 8192] This move loses the game for White.} (34. b5 $1 $15) 34... Rxc2+ $19 ({Don't blunder} 34... Ra3+ $2 35. Kb1 $19) 35. Bxc2 {[%emt 0:00:30][%mdl 4096] Endgame [#] KRB-KRN} Nc6 $1 36. Rb5 {[%emt 0:00:30] [#]} Re2 $1 37. Kb2 {[%emt 0:00:30] [#]} Rxc2+ $1 38. Kxc2 {[%emt 0:00:30] KR-KN} (38. Ka1 Rg2) 38... Nd4+ 39. Kd3 Nxb5 {[%emt 0:00:30] KN-K3P} 40. Kc4 Nc7 41. b5 Ke7 42. b6 {[%emt 0:00:30] [#]} g5 $1 43. b7 (43. bxc7 Kd7) 43... Na6 {[%emt 0:00:30] ( -> ...h4)} 44. Kb5 Nb8 {[%emt 0:00:30] Black mates.} 45. a5 Kd6 46. Kb6 Nd7+ 47. Ka7 Kc7 48. Ka8 Nb8 49. Ka7 h4 50. gxh4 gxh4 (50... Nc6+ $2 51. Ka8 $18) 51. a6 Nxa6 52. Kxa6 Kb8 {[%emt 0:00:30] Weighted Error Value: White=0.84/Black=0.06 (flawless)} (52... h3 53. Ka7 Kd6 54. b8=Q+ Kd5 55. Qf4 h2 56. Qxh2 Ke4 57. Qe2+ Kf4 58. Qf2+ Ke5 59. Kb6) 0-1

[Event "1st Chessable Sunway Formentera 2022"]
[Site "Formentera Punta Prima"]
[Date "2022.05.05"]
[Round "7.10"]
[White "Real, Thibault"]
[Black "Chiku-Ratte, Olivier-Kenta"]
[Result "1-0"]
[ECO "E61"]
[WhiteElo "2262"]
[BlackElo "2358"]
[Annotator "TA"]
[PlyCount "75"]
[EventDate "2022.05.05"]
[EventType "swiss"]
[EventCountry "ESP"]
[SourceTitle "playchess.com"]
[Source "ChessBase"]
[SourceQuality "1"]
[TimeControl "40/5400+30:1800+30"]

1. d4 Nf6 2. Nf3 g6 3. c4 Bg7 4. e3 O-O 5. Be2 c5 6. d5 d6 {[%emt 0:07:06] 6...d6 scores better than 6...e6.} 7. Nc3 Bf5 8. O-O Ne4 {[%emt 0:02:28] E61: King's Indian: Early deviations for White, including Smyslov System.} 9. Nxe4 Bxe4 10. Ng5 {[%emt 0:07:34] Prevents e6.} Bf5 {[%emt 0:01:31] [#] White is slightly better.} 11. f4 $146 ({Predecessor:} 11. e4 Bd7 12. Rb1 Na6 13. a3 Rb8 14. b3 b5 15. cxb5 Bxb5 16. Bxb5 Rxb5 17. Qd3 {1-0 (52) Schaffarth,P (1855)-Milde,L (2029) GER email 2014}) 11... b5 12. h4 (12. e4 $14 Bd7 13. Rb1 (13. cxb5 a6 $11)) 12... bxc4 $11 {[%emt 0:10:11] And now ...c3 would win.} 13. e4 Bc8 14. h5 Nd7 15. Be3 {[%emt 0:09:17] Inhibits Bd4.} Rb8 (15... h6 $17 16. Nf3 Nf6) 16. hxg6 hxg6 17. Qe1 {[%emt 0:08:46] Black must now prevent Qh4.} Bf6 (17... Bxb2 $2 18. Qh4 Nf6 19. e5 $18) 18. f5 Bxg5 (18... Rxb2 19. Qh4 Bxg5 20. Bxg5 Rxe2 21. Bxe7 $16) (18... Ne5 $1 $11 {keeps the balance.}) 19. Bxg5 $16 {[%emt 0:00:08] Black is on the road to losing.} f6 {[%emt 0:01:19] [#]} 20. Bh6 $40 {[%emt 0:05:18][%mdl 128] White attacks with force. White is more active.} g5 (20... Ne5 $16) 21. Bxf8 $18 ({Don't go for} 21. Bxc4 $2 Rf7 22. Qd2 Rh7 23. Bxg5 fxg5 24. Qxg5+ Rg7 $19) 21... Qxf8 22. Kf2 ({Don't do} 22. Bxc4 $6 Rxb2 23. Qc3 Rb6 $16) ({White should try} 22. Qc3 $18) 22... Ne5 (22... Rxb2 $16 23. Qc3 Rb4) 23. Qc3 Kf7 $2 (23... Qg7 24. Rh1 Bd7) 24. Rh1 {[%emt 0:01:25] Strongly threatening Rh7+.} Ke8 25. Rh7 {[%emt 0:01:40] Hoping for Rah1.} g4 (25... Kd7 $142 26. Qa3 (26. Bxc4 Nxc4 27. Qxc4 Rxb2+ 28. Ke3 Rb4 $18) 26... a6) 26. Rah1 {[%emt 0:01:03] Rh8 is the strong threat.} Kd7 27. Qa5 (27. Rh8 $142 Qxh8 28. Rxh8) 27... g3+ 28. Ke1 {[%emt 0:01:00] White wants to mate with Bd1.} Nf7 $2 (28... Qd8 $18 29. Qa4+ Kc7 30. Qxa7+ Rb7 31. Qa5+ Kd7 32. Qa4+ Kc7) 29. Bd1 {[%emt 0:00:24] White mates.} Rb6 30. Qxa7+ Rb7 31. Qa5 Rb4 32. Ba4+ Rxa4 33. Qxa4+ Kc7 34. Qc6+ Kb8 {[%emt 0:00:14] [#]} 35. Rxf7 $1 Qd8 36. Qb5+ Bb7 37. Rhh7 Qg8 38. Rxe7 {[%emt 0:00:33] Weighted Error Value: White=0.27 (precise) /Black=0.49} 1-0

[Event "1st Chessable Sunway Formentera 2022"]
[Site "Formentera Punta Prima"]
[Date "2022.05.05"]
[Round "7.11"]
[White "Romanishin, Oleg M"]
[Black "Garcia Martin, Marta"]
[Result "1-0"]
[ECO "D02"]
[WhiteElo "2400"]
[BlackElo "2326"]
[Annotator "TA"]
[PlyCount "77"]
[EventDate "2022.05.05"]
[EventType "swiss"]
[EventCountry "ESP"]
[SourceTitle "playchess.com"]
[Source "ChessBase"]
[SourceQuality "1"]
[TimeControl "40/5400+30:1800+30"]

1. Nf3 d5 2. g3 e6 3. Bg2 c5 4. O-O Nf6 5. d4 cxd4 6. Nxd4 e5 7. Nb3 Be6 8. c4 {[%emt 0:00:32] D02: 1 d4 d5 2 Nf3 sidelines, including 2...Nf6 3 g3 and 2...Nf6 3 Bf4.} Nc6 (8... dxc4 $2 9. Qxd8+ Kxd8 10. Bxb7 $1 $18 (10. Na5 Nc6 $16)) 9. cxd5 Nxd5 10. N1d2 {[%emt 0:00:55][%cal Bb1d2,Bd2e4,Be4c3][%mdl 32] The position is equal.} Be7 11. Ne4 b6 {[%emt 0:01:22] Inhibits Nec5.} 12. Nc3 Ndb4 13. a3 Qxd1 14. Rxd1 Bxb3 15. axb4 Rc8 16. Bh3 $36 {[%emt 0:01:41][%cal Bg2h3,Bh3c8,Bc8b7][%mdl 2080] White has the initiative.} Bxd1 17. Bxc8 Bb3 18. Bb7 {[%emt 0:00:54] [#]} Nxb4 $146 (18... Kd7 $11 {remains equal.}) ({Predecessor:} 18... Kd7 19. b5 Na5 20. Bd5 Bxd5 21. Nxd5 Ra8 22. Bd2 Nb3 23. Rd1 Bd6 24. Bc3 Ke6 25. e4 Rc8 26. f4 Bc5+ 27. Kf1 Bd4 28. f5+ Kd7 29. Ke2 Kd6 {½-½ (29) Neto,H (2568)-Hoeven,D (2648) ICCF email 2020}) 19. Rxa7 $16 O-O 20. Be3 Bd8 21. Na4 {[%emt 0:06:55] White is more active.} Nd5 22. Bxd5 Bxd5 23. Bxb6 Bf6 24. Nc3 Bc4 25. e4 h5 26. Bc7 {[%emt 0:03:37] Inhibits Rb8.} Bb3 27. h4 Re8 28. Rb7 Bc4 29. b4 {[%emt 0:03:10][%cal Bb2b4,Bb4b5][%mdl 32] b5 is the strong threat.} Ra8 30. Ba5 Bd8 {[%emt 0:01:47] A mistake that costs the game.} (30... Kf8 $16 31. Kg2 Be7) 31. Bxd8 $18 Rxd8 {[%emt 0:00:05][%mdl 4096] Endgame [#] KRB-KRN} 32. Rc7 $1 Bd3 33. b5 Rb8 {[%emt 0:00:10] [#]} 34. Rc5 f6 35. f3 Kf7 36. Kf2 Ke6 37. f4 g6 $2 (37... Rb6 38. Ke3 Bf1) 38. Ke3 Bf1 39. Rc6+ {[%emt 0:00:29] Weighted Error Value: White=0.01 (flawless) /Black=0.25 (precise)} 1-0

[Event "1st Chessable Sunway Formentera 2022"]
[Site "Formentera Punta Prima"]
[Date "2022.05.05"]
[Round "7.12"]
[White "Alinasab, Mobina"]
[Black "Kovacs, Klara"]
[Result "1-0"]
[ECO "C05"]
[WhiteElo "2373"]
[BlackElo "2108"]
[Annotator "TA"]
[PlyCount "115"]
[EventDate "2022.05.05"]
[EventType "swiss"]
[EventCountry "ESP"]
[SourceTitle "playchess.com"]
[Source "ChessBase"]
[SourceQuality "1"]
[TimeControl "40/5400+30:1800+30"]

1. e4 e6 2. d4 d5 3. Nc3 Nf6 4. e5 Nfd7 5. f4 c5 6. Nf3 Nc6 7. Ne2 cxd4 8. Nexd4 Nc5 {[%emt 0:00:16] C05: French Tarrasch: 3...Nf6 4 e5 Nfd7, 5 f4 and 5 Bd3 sidelines.} 9. g3 Ne4 {[%emt 0:01:27] [#]} 10. c3 $146 {[%emt 0:00:00] Prevents Bb4.} ({Predecessor:} 10. Bg2 Bb4+ 11. Kf1 h5 12. Be3 Be7 13. Nd2 Nc5 14. h3 f6 15. exf6 gxf6 16. Bf3 {½-½ (45) Paredes Cordo,J (2257)-Martin Otero,A Formigal 2002}) 10... Qa5 {[%emt 0:02:15] White is slightly better.} 11. Bd3 Bd7 12. O-O Qb6 13. Kg2 Be7 14. Qe2 (14. Nb3 {looks sharper.} h5 15. h4 Na5 16. Nxa5 Qxa5 17. Be3) 14... Nc5 15. Bc2 Rc8 16. Rb1 a5 17. Be3 {[%emt 0:00:00] Strongly threatening f5.} a4 18. f5 $1 {[%emt 0:00:00] Threatens to win with fxe6.} Qa6 19. Qd1 b5 (19... Nxd4 $16 20. Nxd4 g6) 20. fxe6 (20. f6 $18 {and White stays clearly on top.} gxf6 21. exf6) 20... Bxe6 {[%emt 0:01:51] [#]} (20... Nxe6 $16 21. Nf5 g6) 21. Nxe6 (21. Nf5 $1 $18 {[%cal Rf5g7] has better winning chances.}) 21... Nxe6 $16 22. Bf5 ({Don't play} 22. Qxd5 Nb4 23. Qd1 (23. cxb4 Rxc2+ 24. Rf2 Rxf2+ 25. Kxf2 Bxb4 $14) 23... Rd8 $14) 22... g6 23. Bh3 Ncd8 (23... O-O $16) 24. Qxd5 $18 b4 25. Rbd1 (25. Bh6 $18) 25... Rc7 (25... O-O $16) 26. Rf2 {[%emt 0:00:00] Chess con chili.} (26. cxb4 $18 {aiming for b5.} Bxb4 27. Bh6) 26... bxc3 $16 27. bxc3 Qc4 ({Black should play} 27... O-O $14) 28. Qxc4 $18 Rxc4 29. Rc2 O-O {[%emt 0:04:20] [#]} 30. Rd7 $1 Bb4 31. Rd3 {[%emt 0:05:47] 0x0.001d36225f48dp-1022s more active pieces.} Kg7 32. Nd2 Rc6 33. Ne4 Ba5 (33... Rc4 $16 34. Nd6 Rc6) 34. Nf6 Bc7 (34... Rc7 $142 35. Ne4 Bb4) 35. Bg4 a3 (35... h5 $16 {was worth a try.}) 36. Bf3 Rc4 $2 {[%emt 0:00:08] A mistake that costs the game.} (36... Ra6 $16 {might work better.} 37. Be2 Ra8) 37. Bd5 Ra4 38. c4 Rh8 39. Nd7 Nf8 (39... Rg8 {was necessary.} 40. c5 Re8) 40. Nc5 Ra5 41. Nb3 Ra4 42. Bd4 {[%emt 0:05:52] A strong pair of Bishops.} ({But not} 42. Nc5 Ra5 43. Rf2 Bb6 44. Ne6+ Nfxe6 $18) (42. Rf2 $142) 42... Nde6 (42... Nfe6 43. Bc3 h5) 43. Bc3 h5 44. h4 g5 $2 (44... Kg8 45. Rf2 Rh7) 45. Rf2 {[%emt 0:00:38][%cal Bc2f2,Bf2f1,Bf1b1][%mdl 32] Rdf3 is the strong threat.} Bd8 46. Rdf3 Ra7 47. Nd4 g4 48. Nf5+ Kg8 49. Rd3 Bb6 50. Rf1 Bc5 51. Rb1 Ng6 52. Kf1 Kh7 53. Nd6 Bxd6 (53... Rd8 $142 54. Rb5 Bxd6) 54. exd6 Ng7 55. c5 f5 56. c6 f4 57. c7 fxg3 58. Rb8 {[%emt 0:00:07] Weighted Error Value: White=0.29 (precise) /Black=0.68} 1-0